 Dungeon Sprint DCSS version 0.21-a0-51-gea492e9 (webtiles) character file.

9270 Kidiri the Grappler (level 11, -4/120 HPs)
             Began as a Troll Monk on June 12, 2017.
             Was the Champion of Wu Jian.
             Slain by a deep troll (13 damage)
             ... in the Dungeon (Sprint VII: "The Pits").
             The game lasted 00:08:01 (1229 turns).

Kidiri the Grappler (Troll Monk)                    Turns: 1229, Time: 00:08:01

Health: -4/120     AC:  7    Str: 21    XL:     11   Next: 20%
Magic:  10/10      EV: 21    Int:  6    God:    Wu Jian [******]
Gold:   0          SH:  0    Dex: 18    Spells: 10/10 levels left

rFire    . . .     SeeInvis .     - Unarmed
rCold    . . .     Gourm    +   (no shield)
rNeg     + . .     Faith    .   w - +0 robe {rN+}
rPois    .         Spirit   .   (helmet restricted)
rElec    .         Reflect  .   v - +0 cloak
rCorr    .         Harm     .   (gloves unavailable)
MR       .....     NoTele   +   (boots unavailable)
Stlth    ++........             (no amulet)
Regen    0.7/turn               p - +3 ring of evasion
MPRegen  0.2/turn               q - +3 ring of dexterity

@: slowed, glowing, heavenly storm, very slow
A: unfitting armour, claws 3, fast metabolism 3, gourmand, regeneration 1,
shaggy fur 1, tough skin 2
a: Serpent's Lash, Heavenly Storm, Renounce Religion


You were in the Dungeon.
You worshipped Wu Jian.
Wu Jian was exalted by your worship.
You were completely stuffed.

You visited 1 branch

Inventory:

Armour
 a - a +0 robe
 v - a +0 cloak (worn)
 w - a +0 robe of positive energy (worn)
Jewellery
 p - a +3 ring of evasion (left claw)
 q - a +3 ring of dexterity (right claw)
Wands
 o - a wand of lightning (6/15)
Scrolls
 h - a scroll of blinking
 j - 3 scrolls of remove curse
 k - 5 scrolls of amnesia
 l - a scroll of summoning
Potions
 c - 6 potions of curing
 d - 8 potions of heal wounds
 e - a potion of haste
 f - 4 potions of magic
 g - 2 potions of berserk rage
 i - 2 potions of invisibility
 r - 3 potions of brilliance
 s - 3 potions of might
 t - a potion of resistance
 u - a potion of agility
Comestibles
 b - 9 bread rations
 m - 40 fruits
 n - 7 meat rations
 x - 15 chunks of flesh


   Skills:
 * Level 11.4 Fighting
 + Level 7.9 Armour
 * Level 11.4 Dodging
 * Level 8.8 Stealth
 * Level 13.2 Unarmed Combat


You had 10 spell levels left.
You didn't know any spells.

Dungeon Overview and Level Annotations

Branches:
Dungeon (1/1)

Altars:
Ashenzari
Cheibriados
Dithmenos
Elyvilon
Fedhas
Gozag
Hepliaklqana
Kikubaaqudgha
Makhleb
Nemelex Xobeh
Okawaru
Qazlal
Ru
Sif Muna
Trog
Uskayaw
Vehumet
Wu Jian
Xom
Yredelemnul
Zin
The Shining One
Beogh
Jiyva
Lugonu


Innate Abilities, Weirdness & Mutations

You are too large for most types of armour.
You have claws for hands.
Your metabolism is lightning-fast.
You like to eat raw meat.
Your natural rate of healing is unusually fast.
You are covered in fur. (AC +1)
You have very tough skin. (AC +2)


Message History

The naga warrior barely misses you.
The orc wizard looks braver for a moment.
Things that are here:
a short sword; an orc corpse x2
Unknown command.
You feel much better. The deep troll closely misses you.
The deep troll claws you.
* * * LOW HITPOINT WARNING * * *
The deep troll completely misses you.
The deep troll bites you but does no damage.
The deep troll claws you!
* * * LOW HITPOINT WARNING * * *
The deep troll barely misses you.
The naga warrior hits you from afar with a trident.
* * * LOW HITPOINT WARNING * * *
The guardian mummy barely misses you. The hungry ghost barely misses you.
The deep troll barely misses you.
The deep troll claws you but does no damage.
The deep troll completely misses you. The deep troll bites you!
You die...

##### ############# #####
...#...÷)...###...# .#
.###...###...#...## .N.
##.+...+.##.....#### N..#
#..##+##).##...##§§##N.##.
..##...##..+..§#o§N§§N....
..#.....#..#..§#MTk§#k.#..
.÷+..)..+..+..§§@TN§§.....
..#.....#..#..§#§W§§#..# .
..##...##..+...#§§§......
#..##+##..##...##..##..##.
##.+...+.##.....#### ..#
.###...###...#)..## ..
...#...+....###...#
############# #####


You could see a naga warrior, a naga sharpshooter, 2 deep trolls, a guardian
mummy, a hungry ghost, a rime drake and an orc wizard.

Vanquished Creatures
  Erolcha (D)
  A deep troll (D)
  A wizard (D)
  Pikel (D)
  A merfolk siren (D)
  Joseph (D)
  An eye of devastation (D)
  A gargoyle (D)
  A spiny frog (D)
  An orange demon (D)
  A freezing wraith (D)
  An efreet (D)
  A demonic crawler (D)
  A polar bear (D)
  A wandering mushroom (D)
  A snapping turtle (D)
  5 blink frogs (D)
  A hornet (D)
  A hippogriff (D)
  A flying skull (D)
  A tarantella (D)
  A ynoxinul (D)
  2 fire bats (D)
  A wraith (D)
  A floating eye (D)
  A porcupine (D)
  4 slaves (D)
  A phantom (D)
  16 wolves (D)
  A crocodile (D)
  2 crimson imps (D)
  2 orc priests (D)
  3 orc wizards (D)
  An adder (D)
  A river rat (D)
  An ufetubus (D)
  An ooze (D)
  An adder zombie (D)
  A leopard gecko (D)
  2 orcs (D)
  A bat (D)
  A bat zombie (D)
  2 giant cockroaches (D)
  A goblin (D)
  A hobgoblin (D)
  A quokka (D)
  A ball python zombie (D)
  A frilled lizard (D)
  A jackal skeleton (D)
  A rat (D)
79 creatures vanquished.

Notes
Turn   | Place    | Note
-------+----------+-------------------------------------------
     0 | D        | Kidiri the Troll Monk began the quest for the Orb.
     0 | D        | Reached XP level 1. HP: 22/22 MP: 0/0
    46 | D        | Found a bloodstained altar of Trog.
    46 | D        | Found a deep blue altar of Sif Muna.
    46 | D        | Found a viscous altar of Jiyva.
    46 | D        | Found a hazy altar of Hepliaklqana.
    46 | D        | Found an opulent altar of Gozag.
    47 | D        | Found a glowing golden altar of the Shining One.
    47 | D        | Found a glowing silver altar of Zin.
    47 | D        | Found a basalt altar of Yredelemnul.
    47 | D        | Found a shimmering altar of Xom.
    47 | D        | Found an ornate altar of the Wu Jian Council.
    47 | D        | Found a sacrificial altar of Ru.
    47 | D        | Found a stormy altar of Qazlal.
    47 | D        | Found an iron altar of Okawaru.
    47 | D        | Found a sparkling altar of Nemelex Xobeh.
    47 | D        | Found a burning altar of Makhleb.
    47 | D        | Found a blossoming altar of Fedhas.
    47 | D        | Found a white marble altar of Elyvilon.
    47 | D        | Found a shadowy altar of Dithmenos.
    47 | D        | Found a snail-covered altar of Cheibriados.
    49 | D        | Found a radiant altar of Vehumet.
    49 | D        | Found a corrupted altar of Lugonu.
    49 | D        | Found a roughly hewn altar of Beogh.
    50 | D        | Found a hide-covered altar of Uskayaw.
    50 | D        | Found an ancient bone altar of Kikubaaqudgha.
    50 | D        | Found a shattered altar of Ashenzari.
   101 | D        | Became a worshipper of the Wu Jian Council
   101 | D        | Reached * piety under Wu Jian
   101 | D        | Reached ** piety under Wu Jian
   146 | D        | Reached XP level 2. HP: 31/31 MP: 1/1
   147 | D        | Reached *** piety under Wu Jian
   149 | D        | Reached skill level 1 in Armour
   207 | D        | Noticed a wolf
   216 | D        | Killed a wolf
   216 | D        | Reached **** piety under Wu Jian
   216 | D        | Reached skill level 4 in Unarmed Combat
   216 | D        | Reached XP level 3. HP: 26/40 MP: 2/2
   216 | D        | Reached XP level 4. HP: 32/49 MP: 3/3
   256 | D        | Noticed a fire bat
   256 | D        | Noticed a flying skull
   263 | D        | Killed a flying skull
   263 | D        | Reached skill level 5 in Fighting
   263 | D        | Reached skill level 5 in Dodging
   263 | D        | Reached skill level 6 in Unarmed Combat
   263 | D        | Reached XP level 5. HP: 15/57 MP: 4/4
   265 | D        | Reached XP level 6. HP: 19/66 MP: 5/5
   270 | D        | Killed a fire bat
   270 | D        | Reached ***** piety under Wu Jian
   270 | D        | Reached skill level 7 in Unarmed Combat
   274 | D        | Reached XP level 7. HP: 26/76 MP: 6/6
   434 | D        | Noticed a fire bat
   444 | D        | Reached skill level 5 in Stealth
   444 | D        | Reached skill level 8 in Unarmed Combat
   447 | D        | Killed a fire bat
   525 | D        | Noticed a spiny frog
   525 | D        | Noticed a tarantella
   530 | D        | Killed a tarantella
   530 | D        | Reached XP level 8. HP: 79/87 MP: 7/7
   535 | D        | Killed a spiny frog
   535 | D        | Reached skill level 9 in Unarmed Combat
   668 | D        | Noticed Joseph
   669 | D        | Noticed Pikel
   675 | D        | Killed Pikel
   675 | D        | Reached skill level 5 in Armour
   676 | D        | Killed Joseph
   676 | D        | Reached skill level 10 in Unarmed Combat
   676 | D        | Reached XP level 9. HP: 74/97 MP: 8/8
   734 | D        | Noticed a deep troll
   749 | D        | Killed a deep troll
   749 | D        | Reached skill level 11 in Unarmed Combat
   826 | D        | Noticed a wandering mushroom
   826 | D        | Noticed a demonic crawler
   833 | D        | Killed a wandering mushroom
   834 | D        | Killed a demonic crawler
   834 | D        | Reached XP level 10. HP: 84/110 MP: 9/9
   854 | D        | Paralysed by a floating eye for 3 turns
   857 | D        | Reached skill level 10 in Dodging
   862 | D        | Reached skill level 10 in Fighting
   946 | D        | Noticed Erolcha
   949 | D        | Killed Erolcha
   949 | D        | Reached skill level 12 in Unarmed Combat
   999 | D        | Noticed a wizard
  1012 | D        | Killed a wizard
  1016 | D        | Noticed a merfolk siren
  1017 | D        | Killed a merfolk siren
  1022 | D        | Reached ****** piety under Wu Jian
  1023 | D        | Noticed an orange demon
  1027 | D        | Killed an orange demon
  1085 | D        | Noticed an eye of devastation
  1103 | D        | Killed an eye of devastation
  1103 | D        | Reached XP level 11. HP: 95/120 MP: 10/10
  1218 | D        | Noticed a naga warrior
  1218 | D        | Noticed a naga sharpshooter
  1218 | D        | Noticed a deep troll
  1218 | D        | Noticed a deep troll
  1224 | D        | Reached skill level 13 in Unarmed Combat
  1229 | D        | Slain by a deep troll

Vault maps used:
D:        pitsprint

Skill      XL: |  1  2  3  4  5  6  7  8  9 10 11 |
---------------+----------------------------------+-----
Fighting       | 3 4 5 6 7 8 9 11 | 11.4
Dodging        | 3 4 5 6 7 8 9 11 | 11.4
Armour         | 2 3 4 5 6 7 |  7.9
Stealth        | 2 3 4 5 6 7 8 |  8.8
Unarmed Combat | 4 6 7 8 10 11 12 13 | 13.2

Action                   |  1- 3 |  4- 6 |  7- 9 | 10-12 || total
-------------------------+-------+-------+-------+-------++-------
Melee: Unarmed           |    27 |    29 |    65 |   107 ||   228
       Punch             |       |       |     5 |     6 ||    11
Invok: Heavenly Storm    |       |       |     4 |     2 ||     6
       Serpent's Lash    |       |       |       |     1 ||     1
  Use: Potion            |     1 |     1 |       |     1 ||     3
 Stab: Sleeping          |     1 |       |     4 |     1 ||     6
       Distracted        |       |       |       |     2 ||     2
  Eat: Chunk             |     2 |     5 |     6 |     4 ||    17
Armor: Robe              |     9 |     4 |     5 |     9 ||    27
Dodge: Dodged            |    19 |     6 |    42 |    89 ||   156
